 Dungeon Crawl Stone Soup version 0.22-a0-231-g1b571ea (webtiles) character file.

3 seerdeer the Caller (level 1, 0/10 HPs)
             Began as a Tengu Summoner on Feb 20, 2018.
             Slain by a jackal (1 damage)
             ... on level 1 of the Dungeon.
             The game lasted 00:03:10 (229 turns).

seerdeer the Caller (Tengu Summoner)                 Turns: 229, Time: 00:03:10

Health: 0/10       AC:  2    Str:  8    XL:     1   Next: 50%
Magic:  4/4        EV: 12    Int: 20    God:
Gold:   30         SH:  0    Dex: 14    Spells: 3/4 levels left

rFire    . . .     SeeInvis .   c - +0 mace
rCold    . . .     Gourm    .   (no shield)
rNeg     . . .     Faith    .   e - +0 robe
rPois    .         Spirit   .   (helmet restricted)
rElec    .         Reflect  .   (no cloak)
rCorr    .         Harm     .   (no gloves)
MR       .....                  (boots unavailable)
Stlth    ++........             (no amulet)
HPRegen  0.03/turn              (no ring)
MPRegen  0.09/turn              (no ring)

@: brilliant
A: beak, talons 3
a: no special abilities


You were on level 1 of the Dungeon.
You were not hungry.

You visited 1 branch of the dungeon, and saw 1 of its levels.

You collected 30 gold pieces.

Inventory:

Hand Weapons
 c - a +0 mace (weapon)
Missiles
 f - 14 sling bullets
 g - 23 stones (quivered)
Armour
 a - a +0 robe
 e - a +0 robe (worn)
Potions
 d - a potion of heal wounds {unknown}
Comestibles
 b - 2 rations


   Skills:
 + Level 2.1 Dodging
 + Level 2.0 Stealth
 + Level 2.0 Spellcasting
 + Level 5.0 Summonings


You had 3 spell levels left.
You knew the following spells:

 Your Spells              Type           Power        Failure   Level  Hunger
a - Summon Small Mammal   Summ           ####         1%          1    #......


Dungeon Overview and Level Annotations

Branches:
Dungeon (1/15)

Altars:


Innate Abilities, Weirdness & Mutations

You have a beak for a mouth.
You have claws for feet.


Message History

The jackal misses your bat.
You sock the jackal!
You kill the jackal!
Your Summonings skill increases to level 5!
Your bat hits the jackal but does no damage.
Your bat closely misses the jackal.
The jackal barely misses you.
Your bat misses the jackal. The jackal barely misses you. The jackal bites you.
* * * LOW HITPOINT WARNING * * *
Your bat barely misses the jackal.
The jackal barely misses you. x2
Your bat disappears in a puff of smoke!
The jackal barely misses you. The jackal closely misses you.
You closely miss the jackal. You peck the jackal, but do no damage.
The jackal is moderately wounded.
The jackal barely misses you. The jackal bites you.
* * * LOW HITPOINT WARNING * * *
The jackal barely misses you.
You closely miss the jackal. Your peck misses the jackal.
The jackal is moderately wounded.
The jackal bites you.
You die...

#### #.. #.#
###############.###
#>@h...............
#.#h....####.....#.
#..K#.#.####.....#
#.#.#.#.#........#
#.......#........#
+....#..+........#
#....#.##...###.##
.......##...###.###
...... #...((..#..


You could see 2 jackals and a kobold.

Vanquished Creatures
  A jackal (D:1)
  A frilled lizard (D:1)
  A rat (D:1)
3 creatures vanquished.

Vanquished Creatures (collateral kills)
  A kobold (D:1)
1 creature vanquished.

Grand Total: 4 creatures vanquished

Notes
Turn   | Place    | Note
-------+----------+-------------------------------------------
     0 | D:1      | seerdeer the Tengu Summoner began the quest for the Orb.
     0 | D:1      | Reached XP level 1. HP: 10/10 MP: 4/4
   225 | D:1      | Reached skill level 5 in Summonings
   229 | D:1      | Slain by a jackal

Vault maps used:
D:1:      giann_bridges, minmay_misc_feat_iff

Skill      XL: |  1 |
---------------+----+-----
Summonings     | 5 |  5.0
Dodging        | |  2.1
Stealth        | |  2.0
Spellcasting   | |  2.0

Action                   || total
-------------------------++-------
Melee: Mace              ||    12
       Kick              ||     2
       Peck              ||     2
 Cast: Summon Small Mamm ||     3
  Use: Scroll            ||     1
       Potion            ||     1
Armor: Robe              ||     2
Dodge: Dodged            ||    22

Table legend:
 A = Spawn XP
 B = Non-spawn XP
 C = Spawn XP percentage of total XP
 D = Spawn monster count
 E = Non-spawn monster count
 F = Spawn count percentage of total count
 G = Total turns spent on level
                    A         B        C        D         E        F      G
               +---------+---------+-------+---------+---------+-------+---------
         Total |       0 |       5 |   0.0 |       0 |       4 |   0.0 |   229
               +---------+---------+-------+---------+---------+-------+---------
           D:1 |       0 |       5 |   0.0 |       0 |       4 |   0.0 |   229
               +---------+---------+-------+---------+---------+-------+---------
